MLB
MINNESOTA TWINS @ ATLANTA BRAVES
04/23/2042
 
TOP OF THE 1ST
Minnesota Twins batting - Pitching for Atlanta Braves : RHP Kiyohira Tanaka
Pitching: RHP Kiyohira Tanaka
Batting: LHB Ánibal Santos 0-0: Ball
1-0: Fly out, F7 (Flyball, 78M, EV 82.5 MPH)
Batting: LHB Kaspar Linge 0-0: Swinging Strike
0-1: Swinging Strike
0-2: Foul Ball, location: 7LMF
0-2: Strikes out looking
Batting: LHB Joe Anderson 0-0: Called Strike
0-1: Ball
1-1: Ball
2-1: Ground out 4-3 (Groundball, 34D, EV 100.6 MPH)
Top of the 1st over - 0 runs, 0 hits, 0 errors, 0 left on base; Minnesota 0 - Atlanta 0
BOTTOM OF THE 1ST
Atlanta Braves batting - Pitching for Minnesota Twins : RHP Chad Foster
Pitching: RHP Chad Foster
Batting: RHB Oliver Rivera 0-0: Ball
1-0: Foul Ball, location: 9LDF
1-1: Ball
2-1: Foul Ball, location: 2F
2-2: SINGLE (Groundball, 25, EV 65.0 MPH) (infield hit)
Batting: RHB Skip Larson 0-0: Ball
1-0: Foul Ball, location: 25FF
1-1: Ball
Oliver Rivera steals 2nd base (no throw)
2-1: Swinging Strike
2-2: Fly out, F4 (Popup, 4, EV 70.6 MPH)
Batting: LHB Orlando Cháves 0-0: Foul Ball, location: 2F
0-1: SINGLE (Line Drive, 34D, EV 105.6 MPH)
Oliver Rivera to third
Runner from 3rd tries for Home, SAFE, throw by RF to home
Batting: RHB César Plone 0-0: Called Strike
Orlando Cháves steals 2nd base
0-1: Ball
1-1: Foul Ball, location: 9LSF
1-2: Ground out 6-3 (Groundball, 56, EV 102.5 MPH)
Orlando Cháves to third
Batting: RHB Ted Coleman 0-0: Foul Ball, location: 3SF
0-1: Foul Ball, location: 2F
0-2: Ball
1-2: Foul Ball, location: 23F
1-2: Ball
2-2: Ball
3-2: Strikes out swinging
Bottom of the 1st over - 1 run, 2 hits, 0 errors, 1 left on base; Minnesota 0 - Atlanta 1
TOP OF THE 2ND
Minnesota Twins batting - Pitching for Atlanta Braves : RHP Kiyohira Tanaka
Batting: RHB Mike Hudson 0-0: Foul Ball, location: 9LMF
0-1: Ball
1-1: Foul Ball, location: 2F
1-2: Foul Ball, location: 7LDF
1-2: Ball
2-2: Foul Ball, location: 2RF
2-2: SOLO HOME RUN (Flyball, 89XD, EV 108.8 MPH), Distance : 415 ft
Batting: SHB Steve Sanders 0-0: Ball
1-0: Foul Ball, location: 7LMF
1-1: SOLO HOME RUN (Flyball, 7LD, EV 95.0 MPH), Distance : 349 ft
Batting: LHB Pancho Cervantez 0-0: Ball
1-0: Ground out 4-3 (Groundball, 4, EV 95.0 MPH)
Batting: RHB Juan Juárez 0-0: Called Strike
0-1: Ball
1-1: Ball
2-1: Ball
3-1: Swinging Strike
3-2: Fly out, F9 (Line Drive, 9S, EV 94.4 MPH)
Batting: RHB Connor Teek 0-0: Called Strike
0-1: Called Strike
0-2: Strikes out looking
Top of the 2nd over - 2 runs, 2 hits, 0 errors, 0 left on base; Minnesota 2 - Atlanta 1
BOTTOM OF THE 2ND
Atlanta Braves batting - Pitching for Minnesota Twins : RHP Chad Foster
Batting: RHB Cale Scutt 0-0: Swinging Strike
0-1: Swinging Strike
0-2: Foul Ball, location: 2F
0-2: Strikes out looking
Batting: RHB Eric Davis 0-0: Ball
1-0: Foul Ball, location: 3DF
1-1: Ball
2-1: Ball
3-1: Base on Balls
Batting: RHB José Felisberto 0-0: Ball
1-0: Ball
2-0: Ball
3-0: SINGLE (Line Drive, 9S, EV 95.6 MPH)
Eric Davis to second
Batting: RHB Andy Scott 0-0: Ball
1-0: Ball
2-0: Called Strike
2-1: Foul Ball, location: 2F
2-2: Strikes out swinging
Batting: RHB Oliver Rivera 0-0: Swinging Strike
0-1: Foul Ball, location: 2F
0-2: Strikes out swinging
Bottom of the 2nd over - 0 runs, 1 hit, 0 errors, 2 left on base; Minnesota 2 - Atlanta 1
TOP OF THE 3RD
Minnesota Twins batting - Pitching for Atlanta Braves : RHP Kiyohira Tanaka
Batting: RHB Chris Porter 0-0: Called Strike
0-1: Foul Ball, location: 25F
0-2: Ground out 4-3 (Groundball, 4, EV 80.0 MPH)
Batting: LHB Ánibal Santos 0-0: Called Strike
0-1: Fly out, F7 (Flyball, 7LS, EV 90.6 MPH)
Batting: LHB Kaspar Linge 0-0: Called Strike
0-1: Foul Ball, location: 25F
0-2: Strikes out swinging
Top of the 3rd over - 0 runs, 0 hits, 0 errors, 0 left on base; Minnesota 2 - Atlanta 1
BOTTOM OF THE 3RD
Atlanta Braves batting - Pitching for Minnesota Twins : RHP Chad Foster
Batting: RHB Skip Larson 0-0: Swinging Strike
0-1: Swinging Strike
0-2: Ball
1-2: Ground out 1-3 (Groundball, 13S, EV 66.3 MPH)
Batting: LHB Orlando Cháves 0-0: SINGLE (Line Drive, 89S, EV 90.6 MPH)
Batting: RHB César Plone 0-0: Called Strike
Orlando Cháves steals 2nd base
0-1: Ball
1-1: Called Strike
1-2: Ball
2-2: Ground out 6-3 (Groundball, 6M, EV 85.6 MPH)
Orlando Cháves to third
Batting: RHB Ted Coleman 0-0: SINGLE (Line Drive, 89S, EV 99.4 MPH)
Orlando Cháves scores
Batting: RHB Cale Scutt 0-0: Called Strike
0-1: Fly out, F8 (Flyball, 8LM, EV 90.6 MPH)
Bottom of the 3rd over - 1 run, 2 hits, 0 errors, 1 left on base; Minnesota 2 - Atlanta 2
TOP OF THE 4TH
Minnesota Twins batting - Pitching for Atlanta Braves : RHP Kiyohira Tanaka
Batting: LHB Joe Anderson 0-0: Ball
1-0: Called Strike
1-1: Ball
2-1: Foul Ball, location: 7LDF
2-2: Ball
3-2: Ground out 4-3 (Groundball, 4, EV 87.5 MPH)
Batting: RHB Mike Hudson 0-0: Called Strike
0-1: Foul Ball, location: 3FF
0-2: Ball
1-2: Foul Ball, location: 9LMF
1-2: Strikes out swinging
Batting: SHB Steve Sanders 0-0: Ball
1-0: Foul Ball, location: 2F
1-1: Ground out 5-3 (Groundball, 56, EV 90.0 MPH)
Top of the 4th over - 0 runs, 0 hits, 0 errors, 0 left on base; Minnesota 2 - Atlanta 2
BOTTOM OF THE 4TH
Atlanta Braves batting - Pitching for Minnesota Twins : RHP Chad Foster
Batting: RHB Eric Davis 0-0: Ground out 5-3 (Groundball, 56, EV 86.3 MPH)
Batting: RHB José Felisberto 0-0: Foul Ball, location: 2F
0-1: Ball
1-1: Fly out, F8 (Flyball, 8RD, EV 111.3 MPH)
Batting: RHB Andy Scott 0-0: Ball
1-0: Fly out, F8 (Flyball, S3, EV 95.6 MPH)
Bottom of the 4th over - 0 runs, 0 hits, 0 errors, 0 left on base; Minnesota 2 - Atlanta 2
TOP OF THE 5TH
Minnesota Twins batting - Pitching for Atlanta Braves : RHP Kiyohira Tanaka
Batting: LHB Pancho Cervantez 0-0: Called Strike
0-1: Ground out 1-3 (Groundball, 34S, EV 63.1 MPH)
Batting: RHB Juan Juárez 0-0: Called Strike
0-1: Foul Ball, location: 2F
0-2: Ball
1-2: SINGLE (Groundball, 4MD, EV 99.4 MPH)
Batting: RHB Connor Teek 0-0: Grounds into double play, 5-4-3 (Groundball, 56, EV 92.5 MPH)
Top of the 5th over - 0 runs, 1 hit, 0 errors, 0 left on base; Minnesota 2 - Atlanta 2
BOTTOM OF THE 5TH
Atlanta Braves batting - Pitching for Minnesota Twins : RHP Chad Foster
Batting: RHB Oliver Rivera 0-0: SINGLE (Groundball, 4S, EV 75.6 MPH) (infield hit)
Batting: RHB Skip Larson 0-0: Ball
Oliver Rivera is caught stealing 2nd base 2-4
1-0: Ball
2-0: Foul Ball, location: 2F
2-1: Fly out, F6 (Line Drive, 6, EV 71.3 MPH)
Batting: LHB Orlando Cháves 0-0: Ball
1-0: Ball
2-0: Called Strike
2-1: Ground out U3 (Groundball, 3L, EV 82.5 MPH)
Bottom of the 5th over - 0 runs, 1 hit, 0 errors, 0 left on base; Minnesota 2 - Atlanta 2
TOP OF THE 6TH
Minnesota Twins batting - Pitching for Atlanta Braves : RHP Kiyohira Tanaka
Batting: RHB Chris Porter 0-0: Ball
1-0: Fly out, F6 (Popup, 6M, EV 66.9 MPH)
Batting: LHB Ánibal Santos 0-0: Ball
1-0: Ball
2-0: Ball
3-0: Base on Balls
Batting: LHB Kaspar Linge 0-0: Foul Ball, location: 2F
0-1: Grounds into double play, 6-4-3 (Groundball, 6, EV 103.1 MPH)
Top of the 6th over - 0 runs, 0 hits, 0 errors, 0 left on base; Minnesota 2 - Atlanta 2
BOTTOM OF THE 6TH
Atlanta Braves batting - Pitching for Minnesota Twins : RHP Chad Foster
Batting: RHB César Plone 0-0: Ball
1-0: Ball
2-0: Ball
3-0: Fly out, F3 (Line Drive, 3, EV 72.5 MPH)
Batting: RHB Ted Coleman 0-0: Called Strike
0-1: SOLO HOME RUN (Line Drive, 9D, EV 101.3 MPH), Distance : 397 ft
Batting: RHB Cale Scutt 0-0: Called Strike
0-1: Ball
1-1: Ball
2-1: Ground out 6-3 (Groundball, 6MS, EV 85.6 MPH)
Batting: RHB Eric Davis 0-0: Ball
1-0: Called Strike
1-1: Called Strike
1-2: Ball
2-2: Ball
3-2: Foul Ball, location: 2F
3-2: Ground out 6-3 (Groundball, 6, EV 87.5 MPH)
Bottom of the 6th over - 1 run, 1 hit, 0 errors, 0 left on base; Minnesota 2 - Atlanta 3
TOP OF THE 7TH
Minnesota Twins batting - Pitching for Atlanta Braves : RHP Kiyohira Tanaka
Batting: LHB Joe Anderson 0-0: Called Strike
0-1: Swinging Strike
0-2: Foul Ball, location: 5SF
0-2: Ball
1-2: Foul Ball, location: 9LSF
1-2: Ball
2-2: Ball
3-2: Base on Balls
Batting: RHB Mike Hudson 0-0: Foul Ball, location: 9LSF
0-1: Foul Ball, location: 9LMF
0-2: Ball
1-2: Ball
2-2: Foul Ball, location: 2F
2-2: Ball
3-2: Fly out, F8 (Line Drive, 8RM, EV 102.5 MPH)
Batting: SHB Steve Sanders 0-0: Fly out, F8 (Flyball, 78M, EV 96.3 MPH)
Batting: LHB Pancho Cervantez 0-0: Foul Ball, location: 3SF
0-1: Ground out 4-3 (Groundball, 4, EV 101.9 MPH)
Top of the 7th over - 0 runs, 0 hits, 0 errors, 1 left on base; Minnesota 2 - Atlanta 3
BOTTOM OF THE 7TH
Atlanta Braves batting - Pitching for Minnesota Twins : RHP Chad Foster
Batting: RHB José Felisberto 0-0: Ball
1-0: Ball
2-0: Swinging Strike
2-1: Ball
3-1: Called Strike
3-2: Base on Balls
Batting: RHB Andy Scott 0-0: Ball
1-0: Called Strike
1-1: Called Strike
1-2: Foul Ball, location: 9LSF
1-2: Strikes out swinging
Pitching: RHP Jerry Cook
Batting: RHB Oliver Rivera 0-0: Foul Ball, location: 2F
0-1: Called Strike
0-2: Ball
1-2: SINGLE (Line Drive, 7S, EV 107.5 MPH)
José Felisberto to second
Pinch Hitting: LHB Bob Hansen 0-0: Ground out 4-3 (Groundball, 34D, EV 101.3 MPH)
José Felisberto to third
Oliver Rivera to second
Batting: LHB Orlando Cháves 0-0: Intentional Walk
Batting: RHB César Plone 0-0: Ball
1-0: Swinging Strike
1-1: Fielders Choice at 2nd, 6-4 (Groundball, 4M, EV 85.0 MPH)
Bottom of the 7th over - 0 runs, 1 hit, 0 errors, 3 left on base; Minnesota 2 - Atlanta 3
TOP OF THE 8TH
Minnesota Twins batting - Pitching for Atlanta Braves : RHP Kiyohira Tanaka
Now in LF: Ted Coleman
Now in RF: Wilson Ramírez
Pinch Hitting: SHB Ron Richards 0-0: Called Strike
0-1: Foul Ball, location: 2F
0-2: SOLO HOME RUN (Flyball, 78XD, EV 101.9 MPH), Distance : 394 ft
Batting: RHB Connor Teek 0-0: Ball
1-0: SOLO HOME RUN (Flyball, 7D, EV 96.3 MPH), Distance : 372 ft
Batting: RHB Chris Porter 0-0: SINGLE (Groundball, 4MD, EV 102.5 MPH)
Batting: LHB Ánibal Santos 0-0: Ball
1-0: Foul Ball, location: 2F
1-1: Foul Ball, location: 3SF
1-2: Strikes out swinging
Batting: LHB Kaspar Linge 0-0: Foul Ball, location: 5F
0-1: Ball
1-1: Ball
2-1: Ball
3-1: Foul Ball, location: 3DF
3-2: Grounds into double play, 6-4-3 (Groundball, 6, EV 78.1 MPH)
Top of the 8th over - 2 runs, 3 hits, 0 errors, 0 left on base; Minnesota 4 - Atlanta 3
BOTTOM OF THE 8TH
Atlanta Braves batting - Pitching for Minnesota Twins : RHP Jerry Cook
Now at 2B: Ángelo Sánchez
Batting: RHB Ted Coleman 0-0: Ball
1-0: Ball
2-0: Fly out, F8 (Line Drive, 8LD, EV 93.8 MPH)
Batting: RHB Cale Scutt 0-0: Ball
1-0: Called Strike
1-1: Ball
2-1: Ball
3-1: Foul Ball, location: 25F
3-2: Foul Ball, location: 2F
3-2: Foul Ball, location: 9LSF
3-2: Ground out U3 (Groundball, 34, EV 96.9 MPH)
Pinch Hitting: LHB Artie Davis 0-0: Foul Ball, location: 3FF
0-1: Ground out 5-3 (Groundball, 56, EV 104.4 MPH)
Bottom of the 8th over - 0 runs, 0 hits, 0 errors, 0 left on base; Minnesota 4 - Atlanta 3
TOP OF THE 9TH
Minnesota Twins batting - Pitching for Atlanta Braves : RHP Kiyohira Tanaka
Now at 3B: Kevin Hicks
Batting: LHB Joe Anderson 0-0: Ball
1-0: Ball
2-0: Called Strike
2-1: Fly out, F6 (Popup, 4MS, EV 79.4 MPH)
Batting: RHB Mike Hudson 0-0: Ball
1-0: Ball
2-0: Called Strike
2-1: Ball
3-1: Foul Ball, location: 5SF
3-2: Base on Balls
Batting: SHB Steve Sanders 0-0: Ball
1-0: Foul Ball, location: 9LSFF
1-1: Swinging Strike
1-2: Strikes out swinging
Batting: LHB Pancho Cervantez 0-0: Ball
1-0: Ball
Wild Pitch!
Mike Hudson to second
2-0: Foul Ball, location: 2F
2-1: Ball
3-1: Called Strike
3-2: Base on Balls
Pitching: RHP Jorge Cisneros
Batting: RHB Ángelo Sánchez 0-0: Ball
1-0: Ball
2-0: Ball
3-0: Called Strike
3-1: Fielders Choice at 2nd, 6-4 (Groundball, 6, EV 83.1 MPH)
Top of the 9th over - 0 runs, 0 hits, 0 errors, 2 left on base; Minnesota 4 - Atlanta 3
BOTTOM OF THE 9TH
Atlanta Braves batting - Pitching for Minnesota Twins : RHP Jerry Cook
Pitching: RHP Giancarlo Scarabelli
Batting: RHB José Felisberto 0-0: Swinging Strike
0-1: Swinging Strike
0-2: Ball
1-2: Ball
2-2: Ball
3-2: Strikes out looking
Batting: RHB Andy Scott 0-0: Swinging Strike
0-1: SINGLE (Groundball, 6MS, EV 71.3 MPH) (infield hit)
Batting: RHB Oliver Rivera 0-0: Ball
1-0: Grounds into double play, 6-4-3 (Groundball, 6, EV 103.1 MPH)
Bottom of the 9th over - 0 runs, 1 hit, 0 errors, 0 left on base; Minnesota 4 - Atlanta 3
Friday, May 3rd , 2024 - OOTP Baseball 24.10 Build 82